 Dungeon Crawl Stone Soup version 0.28.0-47-ge53b351184 (webtiles) character file.

Game seed: 24638106962037668

57 pkoi the Sneak (level 3, -3/30 HPs)
             Began as a Demigod Brigand on Apr 28, 2022.
             Slain by Robin
             ... wielding a +0 short sword
              (6 damage)
             ... on level 2 of the Dungeon.
             The game lasted 00:02:44 (1845 turns).

pkoi the Sneak (Demigod Brigand)                    Turns: 1845, Time: 00:02:45

Health: -3/30      AC:  3    Str: 12    XL:     3   Next: 50%
Magic:  5/5        EV: 11    Int: 17    God:
Gold:   52         SH:  5    Dex: 15    Spells: 2/2 levels left

rFire   . . .      SeeInvis .   a - +2 dagger
rCold   . . .      Faith    .   (no shield)
rNeg    . . .      Spirit   .   b - +0 robe
rPois   .          Reflect  +   (no helmet)
rElec   .          Harm     .   c - +0 cloak
rCorr   .          Rampage  .   (no gloves)
Will    .....                   (no boots)
Stlth   +++.......              i - amulet of reflection
HPRegen 0.10/turn               (no ring)
MPRegen 0.09/turn               (no ring)

@: no status effects
A: high MP 1, forlorn, divine attributes
a: no special abilities


You were on level 2 of the Dungeon.
You visited 1 branch of the dungeon, and saw 2 of its levels.

You collected 52 gold pieces.

Inventory:

Hand Weapons
 a - a +2 dagger (weapon)
 f - a +0 dagger
 j - a +0 whip of electrocution
Missiles
 d - 11 poisoned darts (quivered)
 e - 2 curare-tipped darts
Armour
 b - a +0 robe (worn)
 c - a +0 cloak (worn)
Jewellery
 i - an amulet of reflection (around neck)
Scrolls
 g - a scroll of immolation {unknown}
 k - 2 scrolls of identify {unknown}
 l - a scroll of teleportation {unknown}
Potions
 h - 2 potions of attraction {unknown}


   Skills:
 + Level 2.5 Fighting
 + Level 2.5 Short Blades
 - Level 1.7 Throwing
 - Level 0.8 Dodging
 + Level 4.2 Stealth


You had 2 spell levels left.
You didn't know any spells.
Your spell library was empty.

Dungeon Overview and Level Annotations

Branches:
Dungeon (2/15)

Annotations:
D:2 Robin


Innate Abilities, Weirdness & Mutations

You have an increased reservoir of magic. (+10% MP)
You shall have no god before yourself.
Your divine heritage dramatically boosts your attributes as you level up.


Message History

You are no longer poisoned.
You start resting.
Robin is nearby!
Robin is nearby!
Found a scroll labelled LEUZXIU OCEZOUKH.
Found 20 stones.
You see here a scroll labelled LEUZXIU OCEZOUKH.
Robin is nearby!
l - a scroll labelled LEUZXIU OCEZOUKH You hit Robin but do no damage.
Robin roars a battlecry!
You hear a shout! x2
You barely miss Robin. Robin hits you with a +0 short sword.
* * * LOW HITPOINT WARNING * * *
You hit Robin but do no damage. You completely miss Robin.
You block Robin's attack.
You barely miss Robin. Your punch misses Robin.
Robin hits you with a +0 short sword.
* * * LOW HITPOINT WARNING * * *
Robin laughs in a distinctly smug fashion.
Robin throws the goblin at you! The goblin hits you with a +0 dagger.
* * * LOW HITPOINT WARNING * * *
You hit the goblin.
The goblin is heavily wounded.
The goblin hits you with a +0 dagger.
* * * LOW HITPOINT WARNING * * *
You hit the goblin.
You kill the goblin!
You block the goblin's attack.
You see here a +0 dagger.
Robin throws the goblin at you!
You hit the goblin but do no damage. The goblin hits you with a +0 club.
* * * LOW HITPOINT WARNING * * *
Robin roars a battlecry!
The goblin goes into a battle-frenzy!
You closely miss the goblin. The goblin barely misses you.
You hit the goblin.
You kill the goblin!
Robin hits you with a +0 short sword.
You die...

#...♣♣♣♣♣♣.♣♣.......
#(♣..♣....♣g.#.#####
#...♣......###.# #.
##.......#.....# #.
#..#.########.# #.
##.#.# #.# ## #)#.#
#÷.# # #g#.#
###.#### #@#.#
.......< #)#.#
###...## #.#.. ###.#
#.# .# #.# .# #.#
#.# #.#


You could see Robin.

Vanquished Creatures
  A gnoll (D:1)
  An adder (D:2)
  4 endoplasms
  A giant cockroach (D:1)
  7 goblins
  8 hobgoblins
  3 kobolds (D:2)
  3 bats
  2 frilled lizards (D:1)
  5 rats (D:1)
35 creatures vanquished.

Notes
Turn   | Place    | Note
-------+----------+-------------------------------------------
     0 | D:1      | pkoi the Demigod Brigand began the quest for the Orb.
     0 | D:1      | Reached XP level 1. HP: 17/17 MP: 3/3
   432 | D:1      | Reached XP level 2. HP: 24/24 MP: 4/4
   723 | D:1      | Reached skill level 4 in Stealth
  1351 | D:2      | Reached XP level 3. HP: 30/30 MP: 5/5
  1397 | D:2      | Noticed Robin
  1845 | D:2      | Slain by Robin

Illustrated notes

Levels and vault maps discovered:
D:1:      dpeg_arrival_round_b, layout_basic, minmay_crystal_water,
          roderic_lattice_a, minmay_strange_pillars,
          chequers_serial_rivers_room_b, chequers_serial_rivers_micro_c,
          chequers_serial_rivers_room_a, kennysheep_small_spiral, minmay_tripent
D:2:      layout_loops_ring, chequers_ecumenical_altar_grove, serial_shops,
          nicolae_shop_temple_entry_statues_fountains, uniq_robin

Skill      XL: |  1  2 |
---------------+-------+-----
Fighting       | 2 |  2.5
Short Blades   | 2 |  2.5
Stealth        | 4 |  4.2
Throwing       | |  1.7
Dodging        | |  0.8

Action                   || total
-------------------------++-------
Melee: Dagger            ||    87
       Punch             ||     1
 Stab: Sleeping          ||    12
Armor: Robe              ||    13
Dodge: Dodged            ||    28
Block: Other             ||    13
